 Dungeon Crawl Stone Soup version 0.25.1-1-g288607f5aa (webtiles) character file.

Game seed: 9359500389031949075

121 Elvor the Bolt Thrower (level 4, -2/40 HPs)
             Began as a Minotaur Hunter on July 20, 2020.
             Slain by Ijyb
             ... wielding a +5 club
              (3 damage)
             ... on level 3 of the Dungeon.
             The game lasted 00:15:22 (1483 turns).

Elvor the Bolt Thrower (Minotaur Hunter)            Turns: 1483, Time: 00:15:24

Health: -2/40      AC:  3    Str: 18    XL:     4   Next: 77%
Magic:  3/3        EV: 12    Int:  8    God:
Gold:   103        SH:  0    Dex: 10    Spells: 3/3 levels left

rFire    . . .     SeeInvis .   b - +0 short sword
rCold    . . .     Gourm    .   (no shield)
rNeg     . . .     Faith    .   c - +0 leather armour
rPois    .         Spirit   .   (helmet restricted)
rElec    .         Reflect  .   (no cloak)
rCorr    .         Harm     .   (no gloves)
MR       .....                  (no boots)
Stlth    +.........             (no amulet)
HPRegen  0.13/turn              (no ring)
MPRegen  0.08/turn              (no ring)

@: no status effects
A: retaliatory headbutt, horns 2
a: no special abilities


You were on level 3 of the Dungeon.
You were not hungry.

You visited 1 branch of the dungeon, and saw 3 of its levels.

You collected 103 gold pieces.

Inventory:

Hand Weapons
 a - a +1 hand crossbow
 b - a +0 short sword (weapon)
Missiles
 d - 28 bolts
 o - 11 poisoned darts (quivered)
 q - 5 boomerangs
Armour
 c - a +0 leather armour (worn)
Wands
 n - a wand of clouds (5)
Scrolls
 e - a scroll of teleportation {unknown}
 i - 3 scrolls of enchant armour {unknown}
 j - 2 scrolls of identify {unknown}
 l - 2 scrolls of fear {unknown}
 m - a scroll of remove curse {unknown}
 p - a scroll of magic mapping {unknown}
 s - a scroll of amnesia {unknown}
Potions
 h - a potion of cancellation {unknown}
 k - 3 potions of curing {unknown}
 r - 2 potions of might {unknown}
 t - a potion of flight {unknown}
Comestibles
 f - 8 rations
 g - 6 chunks of flesh


   Skills:
 * Level 3.9 Fighting
 + Level 0.2 Short Blades
 + Level 5.9 Crossbows
 * Level 0.6 Armour
 + Level 2.3 Dodging
 + Level 0.9 Stealth


You had 3 spell levels left.
You didn't know any spells.
Your spell library was empty.

Dungeon Overview and Level Annotations

Branches:
Dungeon (3/15)

Altars:
Fedhas
Qazlal
Uskayaw

Annotations:
D:3 Ijyb


Innate Abilities, Weirdness & Mutations

You reflexively headbutt those who attack you in melee.
You have a pair of horns on your head.


Message History

Firing (i - inventory. (/) - cycle)
d - 30 bolts (quivered)
Press: ? - help, Shift-Dir - straight line, f/p - Ijyb
Aim: Ijyb, wielding a +5 club, wearing a +0 scale mail and carrying a wand of disintegration (5)
You shoot a bolt. The bolt barely misses Ijyb.
Ijyb zaps a wand.
You barely resist.
Some of the chunks of flesh in your inventory have rotted away.
Firing (i - inventory. (/) - cycle)
d - 29 bolts (quivered)
Press: ? - help, Shift-Dir - straight line, f/p - Ijyb
Aim: Ijyb, wielding a +5 club, wearing a +0 scale mail and carrying a wand of disintegration (4)
You shoot a bolt. The bolt barely misses Ijyb.
b - a +0 short sword (weapon)
You hit Ijyb but do no damage. Ijyb hits you with a +5 club.
You hit Ijyb but do no damage.
Ijyb zaps a wand.
You are blasted!
You barely miss Ijyb. You headbutt Ijyb.
Ijyb is lightly wounded.
Ijyb zaps a wand.
You are blasted!
Ouch! That really hurt!
* * * LOW HITPOINT WARNING * * *
Ijyb hits you with a +5 club.
You die...

# ##.# # #. #.#
# #( #.# ##.
#######.# ##?.
#.......# #...
##.####### #..
##...##
.#.###(##.....#
...(.....g@...#
.#.###.##.....#
#. ##...## #.
##### #. #. #.
#.


You could see Ijyb.

Vanquished Creatures
  3 adders (D:2)
  A gnoll (D:1)
  4 oozes
  2 worms
  2 leopard geckos
  4 orcs (D:3)
  A giant cockroach (D:3)
  5 goblins
  14 hobgoblins
  3 jackals (D:3)
  7 bats
  4 frilled lizards
  4 kobolds
  4 rats (D:1)
58 creatures vanquished.

Notes
Turn   | Place    | Note
-------+----------+-------------------------------------------
     0 | D:1      | Elvor the Minotaur Hunter began the quest for the Orb.
     0 | D:1      | Reached XP level 1. HP: 18/18 MP: 0/0
     7 | D:1      | Found a hide-covered altar of Uskayaw.
    99 | D:1      | Reached XP level 2. HP: 25/25 MP: 1/1
   109 | D:1      | Reached skill level 5 in Crossbows
   217 | D:1      | Reached XP level 3. HP: 14/30 MP: 2/2
   903 | D:2      | Reached XP level 4. HP: 38/38 MP: 3/3
  1116 | D:3      | Found a stormy altar of Qazlal.
  1132 | D:3      | Found a blossoming altar of Fedhas.
  1471 | D:3      | Noticed Ijyb
  1483 | D:3      | HP: 1/40 [disintegration (33)]
  1483 | D:3      | Slain by Ijyb

Illustrated notes

Levels and vault maps discovered:
D:1:      sevenhm_arrival_forest_fort_small_6, layout_loops_ring,
          serial_bayou_lake_a
D:2:      layout_rooms
D:3:      layout_loops_corners, nicolae_overflow_hidden_temple, first_ration,
          uniq_ijyb

Skill      XL: |  1  2  3 |
---------------+----------+-----
Crossbows      | 5 |  5.9
Fighting       | 3 |  3.9
Short Blades   | |  0.2
Armour         | |  0.6
Dodging        | |  2.3
Stealth        | |  0.9

Action                   |  1- 3 |  4- 6 || total
-------------------------+-------+-------++-------
Melee: Short sword       |    11 |    16 ||    27
       Headbutt          |     1 |     5 ||     6
 Fire: Hand crossbow     |    74 |    41 ||   115
 Stab: Sleeping          |     1 |       ||     1
  Eat: Chunk             |       |     2 ||     2
Armor: Leather armour    |    12 |     5 ||    17
Dodge: Dodged            |    34 |    13 ||    47
